AoeStats
← Towernello

Arena

510396448Analyzed
4v4 RM · 23h ago on Sep 30, 2026· 42m 42s· 8 players
Game mode
Random Map
Map size
Large (8 player)
Population
200
Speed
Normal
Resources
Standard
Victory
Conquest
Starting age
Dark Age
Ending age
Imperial Age
RankedLock teamsTeams togetherTeam positionsShared explorationLock speedFull tech treeHidden civsTurbo modeCheats
Victory
Defeat
🇫🇷 Cumans · France
1236
+15
🇨🇳 Franks · China
1231
+15
🇪🇸 Malians · Spain
1225
+15
🇦🇷 Spanish · Argentina
1183
+17
🇮🇹 Burmese · Italy
1296
-20
🇮🇹 Cumans · Italy
1204
-15
🇮🇹 Khmer · Italy
1177
-14
🇮🇹 Italians · Italy
1140
-13
Tattico87
11:13 Feudal Age
14:51 Castle Age
12:53 Horse Collar
13:28 Stone Mining
13:42 Loom
20:19 Heavy Plow
22:04 Gold Mining
24:25 Wheelbarrow
26:09 Hand Cart
28:02 Gold Shaft Mining
31:26 Imperial Age
29:31 Ballistics
29:19 Scale Mail Armor
29:11 Fletching
29:21 Padded Archer Armor
29:32 Forging
30:15 Masonry
30:26 Bodkin Arrow
30:57 Scale Barding Armor
31:34 Elite Arambai
32:34 Conscription
33:34 Chemistry
33:40 Chain Barding Armor
33:30 Forging
34:36 Howdah
35:16 Plate Barding Armor
34:44 Husbandry
34:55 Bloodlines
35:35 Bracer
36:09 Architecture
35:41 Pikeman
36:22 Squires
39:19 Elite Battle Elephant
40:36 Iron Casting
42:38 Blast Furnace
Mich
5:02 Loom
8:57 Feudal Age
10:03 Double-Bit Axe
11:02 Horse Collar
20:59 Castle Age
20:40 Bloodlines
20:37 Scale Barding Armor
20:43 Forging
22:13 Wheelbarrow
22:02 Gold Mining
22:40 Chain Barding Armor
22:56 Iron Casting
34:08 Hand Cart
33:39 Town Watch
39:45 Imperial Age
37:48 Steppe Husbandry
40:23 Squires
41:49 Plate Barding Armor
42:15 Blast Furnace
Towernello
10:45 Feudal Age
9:03 Loom
11:25 Loom
12:01 Double-Bit Axe
12:08 Town Watch
15:17 Castle Age
13:35 Town Watch
13:46 Horse Collar
28:28 Bow Saw
29:08 Heavy Plow
29:02 Gold Mining
30:14 Fletching
32:51 Wheelbarrow
32:15 Stone Mining
32:53 Bodkin Arrow
33:18 Padded Archer Armor
33:47 Ballistics
36:21 Hand Cart
dannythechef
10:59 Feudal Age
11:40 Double-Bit Axe
11:38 Horse Collar
14:05 Loom
16:36 Castle Age
15:03 Gold Mining
18:28 Bow Saw
22:00 Stone Mining
22:51 Heavy Plow
23:50 Wheelbarrow
23:01 Town Watch
25:08 Hand Cart
29:01 Imperial Age
29:35 Gold Shaft Mining
34:01 Ballistics
36:51 Double Crossbow
36:47 Heavy Scorpion
37:42 Siege Engineers
41:01 Chemistry
40:22 Masonry
41:04 Crop Rotation
Natsky
10:43 Feudal Age
15:24 Castle Age
13:35 Double-Bit Axe
16:08 Loom
19:18 Horse Collar
21:45 Heavy Plow
23:06 Town Watch
23:57 Wheelbarrow
24:41 Stone Mining
30:28 Imperial Age
28:14 Husbandry
28:47 Fletching
29:17 Scale Barding Armor
29:38 Ballistics
29:29 Masonry
29:46 Light Cavalry
30:37 Bloodlines
30:36 Capped Ram
31:53 Farimba
32:37 Forging
32:48 Chain Barding Armor
34:37 Elite Gbeto
36:19 Conscription
35:20 Elite Gbeto
36:36 Bodkin Arrow
37:17 Plate Barding Armor
37:57 Scale Mail Armor
38:33 Iron Casting
38:48 Onager
40:40 Murder Holes
42:06 Chemistry
42:23 Chain Mail Armor
42:37 Siege Onager
Sahraoui
8:38 Feudal Age
9:41 Double-Bit Axe
9:39 Horse Collar
14:04 Loom
14:54 Wheelbarrow
18:22 Gold Mining
19:38 Town Watch
23:15 Castle Age
20:59 Man-at-Arms
23:45 Long Swordsman
25:42 Forging
25:32 Scale Mail Armor
25:38 Scale Barding Armor
25:32 Pikeman
26:04 Capped Ram
27:32 Iron Casting
27:17 Chain Mail Armor
27:16 Squires
27:02 Arson
35:56 Bloodlines
35:55 Scale Barding Armor
38:32 Imperial Age
39:12 Elite Steppe Lancer
40:21 Chain Barding Armor
41:05 Blast Furnace
JonBlack
9:58 Feudal Age
14:09 Castle Age
12:28 Loom
19:38 Double-Bit Axe
26:20 Bow Saw
25:51 Horse Collar
37:22 Gold Mining
39:28 Fervor
40:48 Sanctity
42:44 Redemption
余淮nb
9:59 Feudal Age
13:36 Castle Age
12:15 Double-Bit Axe
20:34 Bow Saw
22:40 Wheelbarrow
23:21 Gold Mining
26:15 Hand Cart
29:18 Imperial Age
26:36 Loom
26:41 Town Watch
27:32 Scale Barding Armor
28:15 Gold Shaft Mining
27:34 Stone Mining
28:32 Chain Barding Armor
29:17 Forging
29:48 Husbandry
30:05 Chivalry
30:26 Conscription
29:28 Cavalier
30:46 Plate Barding Armor
31:53 Iron Casting
31:29 Paladin
34:12 Blast Furnace
35:32 Capped Ram
37:33 Chemistry
36:53 Ballistics
36:39 Siege Engineers
Connection lost

Rejoining the realm…

Still unreachable

The connection could not be restored.

Session expired

The server has moved on; the page needs a fresh start.